Workbook

Sheet Program Expense Detail
A1: Program Expense Budget Detail
A4: Staffing | E4: # FTE | F4: % FTE | G4: Base Annual Salary/Wage
D5: Hrs./Wk. | H5: $/Hr. | I5: Wks
B6: Program Manager - HS | D6: 4 | E6: 1 | F6: 0.1 | G6: =+H6*2080 -> 58240 | H6: 28 | I6: 24 | J6: =+D6*H6*I6 -> 2688 | L6: Program/Grant Management support -3% utilization of FTE (2080 x $25/hr.)
B7: Client Advocate - CE - HS | D7: 14 | E7: 1 | F7: 1 | G7: =+H7*2080 -> 43680 | H7: 21 | I7: 20 | J7: =+D7*H7*I7 -> 5880 | L7: .25 FTE (2080 x $21/hr.) dedicated to Housing & SupportServices; Coordinated Entry, Diversion, Referrals and service provider staff training
B8: Volunteer Coordination - HS | D8: 12 | E8: 1 | F8: 1 | G8: =+H8*2080 -> 39520 | H8: 19 | I8: 24 | J8: =+D8*H8*I8 -> 5472 | L8: 10% FTE (2080 x $21/hr.) dedicated to Project Suport and service provider staff training
B9: Overnight Support 10PM - 6 AM | D9: 40 | E9: 1 | F9: 1 | G9: =+H9*2080 -> 37440 | H9: 18 | I9: 21 | J9: =+D9*H9*I9 -> 15120 | L9: 25% FTE (2080 x $21/hr.) dedicated to Training Development and End User and service provider staff training
B10: Overnight Support 10PM - 6 AM | D10: 40 | E10: 1 | F10: 1 | G10: =+H10*2080 -> 37440 | H10: 18 | I10: 21 | J10: =+D10*H10*I10 -> 15120 | L10: 25% FTE (2080 x $21/hr.) dedicated to Training Development and End User and service provider staff training
B11: Overnight Support Sat/Sun 10PM - 6 AM | D11: 16 | E11: 1 | F11: 1 | G11: =+H11*2080 -> 37440 | H11: 18 | I11: 21 | J11: =+D11*H11*I11 -> 6048 | L11: 3% FTE (2080 x $20/hr. ) dedicated to HMIS data management and program support
B12: Overnight Support Sat/Sun 10PM - 6 AM | D12: 16 | E12: 1 | F12: 1 | G12: =+H12*2080 -> 37440 | H12: 18 | I12: 21 | J12: =+D12*H12*I12 -> 6048 | L12: 3% FTE (2080 x $20/hr. ) dedicated to HMIS data management and program support
B13: Peer Bridger | E13: 1 | F13: 0 | G13: =+H13*2080 -> 43680 | H13: 21 | J13: =+E13*F13*G13 -> 0 | L13: 20% FTE (2080 x $20/hr.) dedicated to peer bridging, client connection and advocacy and service provider staff training
B14: FTE | C14: =+F6+F7+F8+F9+F12+F13+F14 -> 4.1 | D14: =SUM(D6:D13) -> 142 | G14: =+H14*2080 -> 0 | J14: =+E14*F14*G14 -> 0
B15: New FTE | C15: 2 | F15: 0 | G15: =+H15*2080 -> 0 | J15: =+E15*F15*G15 -> 0
A17: Direct Services | J17: Yr. 1 | K17: Yr. 2 | L17: Yr. 3 | M17: Yr 4 | N17: Yr 5
J18: =SUM(I19:I35) -> 10800 | K18: =+J18*K20+J18 -> 11124 | L18: =+K18*L20+K18 -> 11457.72 | M18: =+L18*L20+L18 -> 11801.452 | N18: =+M18*M20+M18 -> 12155.495
B19: Diversion Flex Fund | E19: 0 | F19: 40 | G19: 1 | I19: =+E19*F19*G19 -> 0
B20: Flex Fund - Living Support | F20: 20 | G20: 1 | I20: =+E20*F20*G20 -> 0 | J20: Annual Increase: | K20: 0.03 | L20: 0.03 | M20: 0.03 | N20: 0.03
B21: TH Host Home | F21: 300 | G21: 12 | I21: =+E21*F21*G21 -> 0
B22: TH Crisis Home Lease & utilities | F22: 2000 | G22: 12 | I22: =+E22*F22*G22 -> 0
B23: RRH Rental Assistance | F23: 750 | G23: 6 | I23: =+E23*F23*G23 -> 0
B24: Rent Deposit | F24: 750 | G24: 1 | I24: =+E24*F24*G24 -> 0
B25: Essential Needs | F25: 100 | G25: 1 | I25: =+E25*F25*G25 -> 0
B26: Employment Needs | F26: 200 | G26: 1 | I26: =+E26*F26*G26 -> 0
B27: Laundry Vouchers | F27: 10 | G27: 24 | I27: =+E27*F27*G27 -> 0 | K27: No Direct Services provided through this funding
B28: Meals/Food Assistance | F28: 35 | G28: 6 | I28: =+E28*F28*G28 -> 0
B29: Rent Assistance | E29: 1 | F29: 1600 | G29: 6 | I29: =+E29*F29*G29 -> 9600
B30: Rent Deposit | F30: 10 | G30: 24 | I30: =+E30*F30*G30 -> 0
B31: Other Rent Expenses | F31: 10 | G31: 24 | I31: =+E31*F31*G31 -> 0
B32: Mortgage Assistance | F32: 1350 | G32: 6 | I32: =+E32*F32*G32 -> 0
B33: Child Care Services | F33: 500 | G33: 3 | I33: =+E33*F33*G33 -> 0
B34: Utility Asistance | E34: 1 | F34: 200 | G34: 6 | I34: =+E34*F34*G34 -> 1200
B35: WX/Home Reapirs | F35: 4000 | G35: 1 | I35: =+E35*F35*G35 -> 0
B38: Services | E38: =+E19+E20+E25+E26+E27+E28+E29+E30+E31+E32+E33+E34+E35 -> 2
A40: Other Non-Personnel Program Expenses
E41: Unit | F41: Cost/Unit | G41: Frequency | J41: Total | K41: Justification
E43: Unit | F43: Cost/Unit | G43: Frequency | J43: Total | K43: Justification
B44: All Training | J44: =SUM(I45:I48) -> 0 | K44: Initial training for FTE in core competencies, Coordinated Entry, Diversion, Shelter Operations, Landlord Tenant Law, Motivational Interviewing, Trauma Informed Care
C45: Motivational Interviewing | E45: =+$C$15 -> 2 | F45: 250 | I45: =+E45*F45*G45 -> 0
C46: Housing First | E46: =+$C$15 -> 2 | F46: 150 | I46: =+E46*F46*G46 -> 0
C47: Trauma Informed Care | E47: =+$C$15 -> 2 | F47: 325 | I47: =+E47*F47*G47 -> 0
C48: Tenant Landlord | E48: =+$C$15 -> 2 | F48: 325 | I48: =+E48*F48*G48 -> 0
E50: Unit | F50: Cost/Unit | G50: Frequency | J50: Total | K50: Justification
B51: Accreditation Costs (CARF/COA) | J51: =SUM(I52:I53) -> 0 | K51: Program allocation for annual accreditation costs for CARF certification
C52: CARF Annual Costs | E52: =+$C$15 -> 2 | F52: 3900 | I52: =+E52*F52*G52 -> 0
F53: 100 | I53: =+E53*F53*G53 -> 0
E55: Unit | F55: Cost/Unit | G55: Frequency | J55: Total | K55: Justification
B56: Computer Equipment | J56: =SUM(I57:I61) -> 0 | K56: Laptop, monitor, printer for Program Manager and Operations FTE
C57: Lap Top | E57: =+$C$15 -> 2 | F57: 1500 | I57: =+E57*F57*G57 -> 0
C58: Monitor | E58: =+$C$15 -> 2 | F58: 275 | I58: =+E58*F58*G58 -> 0
C59: Printer | E59: =+$C$15 -> 2 | F59: 225 | I59: =+E59*F59*G59 -> 0
C60: Tablet | E60: =+$C$15 -> 2 | F60: 800 | I60: =+E60*F60*G60 -> 0
E62: Unit | F62: Cost/Unit | G62: Frequency | J62: Total | K62: Justification
B63: Office Space Costs | J63: =SUM(I64:I68) -> 0 | K63: Space cost allocation for office work space for FTE @ $100 per/mo.
C64: Space Allocation | E64: =+$C$15 -> 2 | F64: 100 | I64: =+E64*F64*G64 -> 0
C65: Remote office utilities | E65: 0 | F65: 60 | I65: =+E65*F65*G65 -> 0
C66: Septic Service | E66: 0 | F66: =6*108 -> 648 | I66: =+E66*F66*G66 -> 0
C67: Trash removal | E67: 0 | F67: 350 | I67: =+E67*F67*G67 -> 0
E69: Unit | F69: Cost/Unit | G69: Frequency | J69: Total | K69: Justification
B70: Office Supplies | J70: =SUM(I71:I74) -> 0 | K70: Misc. office and printer supplies @ $10 per/o x 12 mo. x 2.75FTE
C71: Printing | E71: 1 | F71: 10 | I71: =+E71*F71*G71 -> 0
C72: Copies | E72: 1 | F72: 10 | I72: =+E72*F72*G72 -> 0
C73: Postage | F73: 0.03 | I73: =+E73*F73*G73 -> 0
C74: Other | F74: 0.03 | I74: =+E74*F74*G74 -> 0
E76: Unit | F76: Cost/Unit | G76: Frequency | J76: Total | K76: Justification
B77: Office Equipment | J77: =SUM(I78:I82) -> 0 | K77: Office desk, chair, file cabinet and misc. office items for office space for FTE
C78: Desk | E78: =+$C$15 -> 2 | F78: 650 | I78: =+E78*F78*G78 -> 0
C79: Chair | E79: =+$C$15 -> 2 | F79: 350.83 | I79: =+E79*F79*G79 -> 0
C80: File cabinet | E80: =+$C$15 -> 2 | F80: 375 | I80: =+E80*F80*G80 -> 0
E83: Unit | F83: Cost/Unit | G83: Frequency | J83: Total | K83: Justification
B84: Communication | J84: =SUM(I85:I88) -> 325 | K84: Monthly cell phone usage x $65 per month x FTE
C85: Cell Phones | E85: 1 | F85: 65 | G85: 5 | I85: =+E85*F85*G85 -> 325
C86: Office Phones | E86: 0 | F86: 65 | G86: 12 | I86: =+E86*F86*G86 -> 0
C87: IT Support | E87: 0 | F87: 100 | G87: 12 | I87: =+E87*F87*G87 -> 0
E89: Unit | F89: Cost/Unit | G89: Frequency | J89: Total | K89: Justification
B90: Website Development | J90: =SUM(I91:I94) -> 0 | K90: Initial website development and monthly hosting costs for dedicated website
C91: Development | E91: 0 | F91: 2000 | G91: 1 | I91: =+E91*F91*G91 -> 0
C92: Hosting | E92: 0 | F92: 50 | G92: 12 | I92: =+E92*F92*G92 -> 0
F93: 0 | G93: 1 | I93: =+E93*F93*G93 -> 0
E96: Unit | F96: Cost/Unit | G96: Frequency | J96: Total | K96: Justification
B97: Educational Materials | J97: =SUM(I98:I101) -> 3845 | K97: Printed brochures, flyers, posters for homeless outreach and promotion; advertising in local news outlets
C98: Printed outreach materials | E98: 1 | F98: 495 | G98: 1 | I98: =+E98*F98*G98 -> 495
C99: Posters, flyer | E99: 1 | F99: 350 | G99: 1 | I99: =+E99*F99*G99 -> 350
C100: Advertising - Newspaper | E100: 1 | F100: 250 | G100: 4 | I100: =+E100*F100*G100 -> 1000
C101: Advertising - Radio | E101: 1 | F101: 500 | G101: 4 | I101: =+E101*F101*G101 -> 2000
E103: Unit | F103: Cost/Unit | G103: Frequency | J103: Total | K103: Justification
B104: Outreach | J104: =SUM(I105:I107) -> 350 | K104: Site expenses and related items for Quarterly Landlord Meetings
C105: Quarterly Meeting | E105: 0 | F105: 125 | G105: 1 | I105: =+E105*F105*G105 -> 0
C106: Outreach Materials | E106: 1 | F106: 350 | G106: 1 | I106: =+E106*F106*G106 -> 350
C107: Advertising | E107: 0 | F107: 650 | G107: 1 | I107: =+E107*F107*G107 -> 0
E109: Unit | F109: Cost/Unit | G109: Frequency | J109: Total | K109: Justification
B110: Travel | J110: =SUM(I111:I115) -> 1050 | K110: Overnight travel, hotel, per diem for Program development and oversight of program operations; local milage for Shelter Support services
C111: Overnight Stay | E111: 1 | F111: 175 | G111: 6 | I111: =+E111*F111*G111 -> 1050
C112: Per Diem | F112: 128 | G112: 1 | I112: =+E112*F112*G112 -> 0
C113: Vehicle Mileage | F113: 0.56 | G113: 0 | I113: =+E113*F113*G113 -> 0
C114: Airfare | F114: 860 | G114: 0 | I114: =+E114*F114*G114 -> 0
E117: Unit | F117: Cost/Unit | G117: Frequency | J117: Total | K117: Justification
B118: Vehicle | J118: =SUM(I119:I121) -> 0
C119: Lease/Loan Cost | F119: 486 | G119: 12 | I119: =+E119*F119*G119 -> 0 | K119: Vehicle lease ($486/mo. x 1 vehicles)
C120: Maintenance | F120: 55 | G120: 12 | I120: =+E120*F120*G120 -> 0 | K120: Oil change ($100 x 4 x 1 vehicles); Car Wash ($10 x 26 x 1 vehicles)
C121: Fuel/Mileage Cost | F121: 0.56 | G121: 12 | I121: =+E121*F121*G121 -> 0 | K121: Standard mileage rate for business use of personal vehicles @ $.56/mi
...

Sheet Budget
B1: Grant Budget Template | C1: 2021 HopeSource/KVMA Cold Weather Shelter
B3: Proposed Funding Information:
B4: Name of Organization: | C4: HopeSource
B5: Grant ID:
B6: Total Grant Funds Requested: | C6: =+G79 -> 80468
B7: Application Fiscal Year: | C7: FY 2021 - 2025
B8: Proposed CoC Code(s): | C8: BoS 501
B9: County/State(s) to be Served: | C9: Kittitas
B10: Proposed # of Households Served: | C10: =13*7*21 -> 1911
B11: Average Amount per Household Served: | C11: =+C6/C10 -> 42.107797
B14: Program Expenses | F14: % of Total Grant | G14: Grant Fund Request Year One | H14: Matching and In Kind Year One | I14: Total Funds Year One | J14: Grant Funds FY17 Quarter 1 | K14: Grant Funds FY17 Quarter 2 | L14: Grant Funds FY17 Quarter 3 | M14: Grant Funds FY17 Quarter 4 | Q14: Year One | S14: Year Two | U14: Year Three | W14: Year Four | Y14: Year Five | AA14: 5 Year Grant Fund Total | AB14: Detailed Narrative Justification
B15: I. Provision and Coordination of Services
B16: 1. Personnel/Labor | C16: # FTE | D16: % FTE | E16: Base Annual Salary/Wage
B17: Title and Organization
B18: =+'Program Expense Detail'!B6 -> Program Manager - HS | C18: =+'Program Expense Detail'!E6 -> 1 | D18: 1 | E18: =+'Program Expense Detail'!J6 -> 2688 | F18: =G18/$G$77 -> 0 | H18: =+E18 -> 2688 | I18: =+G18+H18 -> 2688 | Q18: =+G18 -> 0 | R18: 0.03 | S18: =+Q18*1*R18+Q18 -> 0 | T18: 0.03 | U18: =+S18*1*T18+S18 -> 0 | V18: 0.03 | W18: =+U18*1*V18+U18 -> 0 | X18: 0.03 | Y18: =+W18*1*X18+W18 -> 0 | AA18: =+G18+S18+U18+W18+Y18 -> 0 | AB18: =+'[1]Program Expense Detail'!L6 -> Program/Grant Management support -3% utilization of FTE (2080 x $25/hr.)
B19: =+'Program Expense Detail'!B7 -> Client Advocate - CE - HS | C19: =+'Program Expense Detail'!E7 -> 1 | D19: =+'Program Expense Detail'!F7 -> 1 | E19: =+'Program Expense Detail'!J7 -> 5880 | F19: =G19/$G$77 -> 0 | H19: =+E19 -> 5880 | I19: =+G19+H19 -> 5880 | Q19: =+G19 -> 0 | R19: 0.03 | S19: =+Q19*1*R19+Q19 -> 0 | T19: 0.03 | U19: =+S19*1*T19+S19 -> 0 | V19: 0.03 | W19: =+U19*1*V19+U19 -> 0 | X19: 0.03 | Y19: =+W19*1*X19+W19 -> 0 | AA19: =+G19+S19+U19+W19+Y19 -> 0 | AB19: =+'[1]Program Expense Detail'!L7 -> .25 FTE (2080 x $21/hr.) dedicated to Housing & SupportServices; Coordinated Entry, Diversion, Referrals and service provider staff training
B20: =+'Program Expense Detail'!B8 -> Volunteer Coordination - HS | C20: =+'Program Expense Detail'!E8 -> 1 | D20: =+'Program Expense Detail'!F8 -> 1 | E20: =+'Program Expense Detail'!J8 -> 5472 | F20: =G20/$G$77 -> 0 | H20: =+E20 -> 5472 | I20: =+G20+H20 -> 5472 | Q20: =+G20 -> 0 | R20: 0.03 | S20: =+Q20*1*R20+Q20 -> 0 | T20: 0.03 | U20: =+S20*1*T20+S20 -> 0 | V20: 0.03 | W20: =+U20*1*V20+U20 -> 0 | X20: 0.03 | Y20: =+W20*1*X20+W20 -> 0 | AA20: =+G20+S20+U20+W20+Y20 -> 0 | AB20: =+'[1]Program Expense Detail'!L8 -> 10% FTE (2080 x $21/hr.) dedicated to Project Suport and service provider staff training
B21: =+'Program Expense Detail'!B9 -> Overnight Support 10PM - 6 AM | C21: =+'Program Expense Detail'!E9 -> 1 | D21: =+'Program Expense Detail'!F9 -> 1 | E21: =+'Program Expense Detail'!J9 -> 15120 | F21: =G21/$G$79 -> 0.18790078 | G21: =SUM(J21:M21) -> 15120 | I21: =+G21+H21 -> 15120 | J21: =+$C21*$D21*$E21*0.25 -> 3780 | K21: =+$C21*$D21*$E21*0.25 -> 3780 | L21: =+$C21*$D21*$E21*0.25 -> 3780 | M21: =+$C21*$D21*$E21*0.25 -> 3780 | Q21: =+G21 -> 15120 | R21: 0.01 | S21: =+Q21*1*R21+Q21 -> 15271.2 | T21: 0.01 | U21: =+S21*1*T21+S21 -> 15423.912 | V21: 0.01 | W21: =+U21*1*V21+U21 -> 15578.151 | X21: 0.01 | Y21: =+W21*1*X21+W21 -> 15733.933 | AA21: =+G21+S21+U21+W21+Y21 -> 77127.196 | AB21: =+'[1]Program Expense Detail'!L9 -> 25% FTE (2080 x $21/hr.) dedicated to Coordinated Entry End User and service provider staff training
B22: =+'Program Expense Detail'!B10 -> Overnight Support 10PM - 6 AM | C22: =+'Program Expense Detail'!E10 -> 1 | D22: =+'Program Expense Detail'!F10 -> 1 | E22: =+'Program Expense Detail'!J10 -> 15120 | F22: =G22/$G$79 -> 0.18790078 | G22: =SUM(J22:M22) -> 15120 | I22: =+G22+H22 -> 15120 | J22: =+$C22*$D22*$E22*0.25 -> 3780 | K22: =+$C22*$D22*$E22*0.25 -> 3780 | L22: =+$C22*$D22*$E22*0.25 -> 3780 | M22: =+$C22*$D22*$E22*0.25 -> 3780 | Q22: =+G22 -> 15120 | R22: 0.01 | S22: =+Q22*1*R22+Q22 -> 15271.2 | T22: 0.01 | U22: =+S22*1*T22+S22 -> 15423.912 | V22: 0.01 | W22: =+U22*1*V22+U22 -> 15578.151 | X22: 0.01 | Y22: =+W22*1*X22+W22 -> 15733.933 | AA22: =+G22+S22+U22+W22+Y22 -> 77127.196 | AB22: =+'[1]Program Expense Detail'!L10 -> 3% FTE (2080 x $20/hr. ) dedicated to HMIS data management and program support
B23: =+'Program Expense Detail'!B11 -> Overnight Support Sat/Sun 10PM - 6 AM | C23: =+'Program Expense Detail'!E11 -> 1 | D23: =+'Program Expense Detail'!F11 -> 1 | E23: =+'Program Expense Detail'!J11 -> 6048 | F23: =G23/$G$79 -> 0.075160312 | G23: =SUM(J23:M23) -> 6048 | I23: =+G23+H23 -> 6048 | J23: =+$C23*$D23*$E23*0.25 -> 1512 | K23: =+$C23*$D23*$E23*0.25 -> 1512 | L23: =+$C23*$D23*$E23*0.25 -> 1512 | M23: =+$C23*$D23*$E23*0.25 -> 1512 | Q23: =+G23 -> 6048 | R23: 0.03 | S23: =+Q23*1*R23+Q23 -> 6229.44 | T23: 0.03 | U23: =+S23*1*T23+S23 -> 6416.3232 | V23: 0.03 | W23: =+U23*1*V23+U23 -> 6608.8129 | X23: 0.03 | Y23: =+W23*1*X23+W23 -> 6807.0773 | AA23: =+G23+S23+U23+W23+Y23 -> 32109.653 | AB23: =+'[1]Program Expense Detail'!L9 -> 25% FTE (2080 x $21/hr.) dedicated to Coordinated Entry End User and service provider staff training
B24: =+'Program Expense Detail'!B12 -> Overnight Support Sat/Sun 10PM - 6 AM | C24: =+'Program Expense Detail'!E12 -> 1 | D24: =+'Program Expense Detail'!F12 -> 1 | E24: =+'Program Expense Detail'!J12 -> 6048 | F24: =G24/$G$79 -> 0.075160312 | G24: =SUM(J24:M24) -> 6048 | I24: =+G24+H24 -> 6048 | J24: =+$C24*$D24*$E24*0.25 -> 1512 | K24: =+$C24*$D24*$E24*0.25 -> 1512 | L24: =+$C24*$D24*$E24*0.25 -> 1512 | M24: =+$C24*$D24*$E24*0.25 -> 1512 | Q24: =+G24 -> 6048 | R24: 0.03 | S24: =+Q24*1*R24+Q24 -> 6229.44 | T24: 0.03 | U24: =+S24*1*T24+S24 -> 6416.3232 | V24: 0.03 | W24: =+U24*1*V24+U24 -> 6608.8129 | X24: 0.03 | Y24: =+W24*1*X24+W24 -> 6807.0773 | AA24: =+G24+S24+U24+W24+Y24 -> 32109.653 | AB24: =+'[1]Program Expense Detail'!L10 -> 3% FTE (2080 x $20/hr. ) dedicated to HMIS data management and program support
B25: =+'Program Expense Detail'!B13 -> Peer Bridger | C25: =+'Program Expense Detail'!E13 -> 1 | D25: =+'Program Expense Detail'!F13 -> 0 | E25: =+'Program Expense Detail'!J13/2 -> 0 | F25: =G25/$G$77 -> 0 | G25: =SUM(J25:M25) -> 0 | I25: =+G25+H25 -> 0 | J25: =+$C25*$D25*$E25*0.25 -> 0 | K25: =+$C25*$D25*$E25*0.25 -> 0 | L25: =+$C25*$D25*$E25*0.25 -> 0 | M25: =+$C25*$D25*$E25*0.25 -> 0 | Q25: =+G25 -> 0 | R25: 0.03 | S25: =+Q25*1*R25+Q25 -> 0 | T25: 0.03 | U25: =+S25*1*T25+S25 -> 0 | V25: 0.03 | W25: =+U25*1*V25+U25 -> 0 | X25: 0.03 | Y25: =+W25*1*X25+W25 -> 0 | AA25: =+G25+S25+U25+W25+Y25 -> 0 | AB25: =+'[1]Program Expense Detail'!L11 -> 20% FTE (2080 x $20/hr.) dedicated to peer bridging, client connection and advocacy and service provider staff training
B26: =+'Program Expense Detail'!B13 -> Peer Bridger | C26: =+'Program Expense Detail'!E13 -> 1 | D26: =+'Program Expense Detail'!F13 -> 0 | E26: =+'Program Expense Detail'!G13 -> 43680 | F26: =G26/$G$77 -> 0 | G26: =SUM(J26:M26) -> 0 | I26: =+G26+H26 -> 0 | J26: =+$C26*$D26*$E26*0.25 -> 0 | K26: =+$C26*$D26*$E26*0.25 -> 0 | L26: =+$C26*$D26*$E26*0.25 -> 0 | M26: =+$C26*$D26*$E26*0.25 -> 0 | Q26: =+G26 -> 0 | R26: 0.01 | S26: =+Q26*1*R26+Q26 -> 0 | T26: 0.01 | U26: =+S26*1*T26+S26 -> 0 | V26: 0.01 | W26: =+U26*1*V26+U26 -> 0 | X26: 0.01 | Y26: =+W26*1*X26+W26 -> 0 | AA26: =+G26+S26+U26+W26+Y26 -> 0 | AB26: =+'[1]Program Expense Detail'!L11 -> 20% FTE (2080 x $20/hr.) dedicated to peer bridging, client connection and advocacy and service provider staff training
B27: KVMA/Community Volunteer Hours - $18 x 1500 Hours (In Kind) | C27: 1 | D27: 1 | E27: =1500*18 -> 27000 | F27: =G27/$G$77 -> 0 | H27: =+E27 -> 27000 | I27: =+G27+H27 -> 27000 | J27: =+$C27*$D27*$E27*0.25 -> 6750 | K27: =+$C27*$D27*$E27*0.25 -> 6750 | L27: =+$C27*$D27*$E27*0.25 -> 6750 | M27: =+$C27*$D27*$E27*0.25 -> 6750 | Q27: =+G27 -> 0 | R27: 0.02 | S27: =+Q27*1*R27+Q27 -> 0 | T27: 0.02 | U27: =+S27*1*T27+S27 -> 0 | V27: 0.02 | W27: =+U27*1*V27+U27 -> 0 | X27: 0.02 | Y27: =+W27*1*X27+W27 -> 0 | AA27: =+G27+S27+U27+W27+Y27 -> 0
F28: =G28/$G$77 -> 0 | G28: =SUM(J28:M28) -> 0 | I28: =+G28+H28 -> 0 | J28: =+$C28*$D28*0.25 -> 0 | K28: =+$C28*$D28*0.25 -> 0 | L28: =+$C28*$D28*0.25 -> 0 | M28: =+$C28*$D28*0.25 -> 0 | Q28: =+G28 -> 0 | S28: =+Q28*1*R28+Q28 -> 0 | U28: =+S28*1*T28+S28 -> 0 | W28: =+U28*1*V28+U28 -> 0 | Y28: =+W28*1*X28+W28 -> 0 | AA28: =+G28+S28+U28+W28+Y28 -> 0
B29: Total Program FTE | F29: =G29/$G$77 -> 0 | G29: =SUM(J29:M29) -> 0 | I29: =+G29+H29 -> 0 | J29: =+$C29*$D29*0.25 -> 0 | K29: =+$C29*$D29*0.25 -> 0 | L29: =+$C29*$D29*0.25 -> 0 | M29: =+$C29*$D29*0.25 -> 0 | Q29: =+G29 -> 0 | S29: =+Q29*1*R29+Q29 -> 0 | U29: =+S29*1*T29+S29 -> 0 | W29: =+U29*1*V29+U29 -> 0 | Y29: =+W29*1*X29+W29 -> 0 | AA29: =+G29+S29+U29+W29+Y29 -> 0
B30: 5 | F30: =G30/$G$77 -> 0 | G30: =SUM(J30:M30) -> 0 | I30: =+G30+H30 -> 0 | J30: =+$D30*0.25 -> 0 | K30: =+$D30*0.25 -> 0 | L30: =+$D30*0.25 -> 0 | M30: =+$D30*0.25 -> 0 | Q30: =+G30 -> 0 | S30: =+Q30*1*R30+Q30 -> 0 | U30: =+S30*1*T30+S30 -> 0 | W30: =+U30*1*V30+U30 -> 0 | Y30: =+W30*1*X30+W30 -> 0 | AA30: =+G30+S30+U30+W30+Y30 -> 0
F31: =G31/$G$79 -> 0 | G31: =SUM(J31:M31) -> 0 | I31: =+G31+H31 -> 0 | J31: =+$C31*$D31*0.25 -> 0 | K31: =+$C31*$D31*0.25 -> 0 | L31: =+$C31*$D31*0.25 -> 0 | M31: =+$C31*$D31*0.25 -> 0 | Q31: =+G31 -> 0 | S31: =+Q31*1*R31+Q31 -> 0 | U31: =+S31*1*T31+S31 -> 0 | W31: =+U31*1*V31+U31 -> 0 | Y31: =+W31*1*X31+W31 -> 0 | AA31: =+G31+S31+U31+W31+Y31 -> 0
F32: =G32/$G$79 -> 0 | G32: =SUM(J32:M32) -> 0 | I32: =+G32+H32 -> 0 | J32: =+$D32*0.25 -> 0 | K32: =+$D32*0.25 -> 0 | L32: =+$D32*0.25 -> 0 | M32: =+$D32*0.25 -> 0 | Q32: =+G32 -> 0 | S32: =+Q32*1*R32+Q32 -> 0 | U32: =+S32*1*T32+S32 -> 0 | W32: =+U32*1*V32+U32 -> 0 | Y32: =+W32*1*X32+W32 -> 0 | AA32: =+G32+S32+U32+W32+Y32 -> 0
B34: Subtotal Salaries/Wages | F34: =G34/$G$79 -> 0.52612219 | G34: =SUM(G21:G24) -> 42336 | H34: =SUM(H18:H32) -> 41040 | I34: =+G34+H34 -> 83376 | J34: =SUM(J18:J32) -> 17334 | K34: =SUM(K18:K32) -> 17334 | L34: =SUM(L18:L32) -> 17334 | M34: =SUM(M18:M32) -> 17334 | Q34: =+G34 -> 42336 | S34: =SUM(S18:S32) -> 43001.28 | U34: =SUM(U18:U32) -> 43680.47 | W34: =SUM(W18:W32) -> 44373.928 | Y34: =SUM(Y18:Y32) -> 45082.02 | AA34: =+G34+S34+U34+W34+Y34 -> 218473.7 | AB34: Sub total wages for line items above
B35: Fringe Benefits | F35: =G35/$G$79 -> 0.13153055 | G35: =+G34*0.25 -> 10584 | H35: =+H34*0.22 -> 9028.8 | I35: =+G35+H35 -> 19612.8 | J35: =+J34*0.23 -> 3986.82 | K35: =+K34*0.23 -> 3986.82 | L35: =+L34*0.23 -> 3986.82 | M35: =+M34*0.23 -> 3986.82 | Q35: =+G35 -> 10584 | R35: 0.03 | S35: =+S34*0.25 -> 10750.32 | T35: 0.03 | U35: =+S35*1*T35+S35 -> 11072.83 | V35: 0.03 | W35: =+U35*1*V35+U35 -> 11405.014 | X35: 0.03 | Y35: =+W35*1*X35+W35 -> 11747.165 | AA35: =+G35+S35+U35+W35+Y35 -> 55559.329 | AB35: FICA, Medicare expense, employee tax, health benefits, L&I tax expense @ 25% of salaries/wages
B36: Subtotal Personnel | F36: =G36/$G$79 -> 0.65765273 | G36: =G34+G35 -> 52920 | H36: =H34+H35 -> 50068.8 | I36: =+G36+H36 -> 102988.8 | J36: =J34+J35 -> 21320.82 | K36: =K34+K35 -> 21320.82 | L36: =L34+L35 -> 21320.82 | M36: =M34+M35 -> 21320.82 | Q36: =Q34+Q35 -> 52920 | R36: =+AA36/AA79 -> 0.65859148 | S36: =S34+S35 -> 53751.6 | U36: =U34+U35 -> 54753.3 | W36: =W34+W35 -> 55778.943 | Y36: =Y34+Y35 -> 56829.185 | AA36: =+G36+S36+U36+W36+Y36 -> 274033.03 | AB36: Total Wages & Fringe Benefits
I37: =+G37+H37 -> 0 | Q37: =+G37 -> 0 | S37: =+J37 -> 0 | U37: =+K37 -> 0 | W37: =+M37 -> 0 | Y37: =+O37 -> 0 | AA37: =+Q37+S37+U37 -> 0
B38: Rent/Utilities | F38: =G38/$G$79 -> 0.13421484 | G38: =+'Program Expense Detail'!J18 -> 10800 | I38: =+G38+H38 -> 10800 | J38: =+G38/4 -> 2700 | K38: =+G38/4 -> 2700 | L38: =+G38/4 -> 2700 | M38: =+G38/4 -> 2700 | Q38: =+G38 -> 10800 | R38: =+AA38/AA79 -> 0.13780367 | S38: =+'Program Expense Detail'!K18 -> 11124 | T38: 0 | U38: =+'Program Expense Detail'!L18 -> 11457.72 | V38: 0 | W38: =+'Program Expense Detail'!M18 -> 11801.452 | X38: 0 | Y38: =+'Program Expense Detail'!N18 -> 12155.495 | AA38: =+G38+S38+U38+W38+Y38 -> 57338.667 | AB38: Mortgage Assistance = 40 @ $1350 x 6 months - Rent Assistance = 40 @ $850 x 6
I39: =+G39+H39 -> 0 | U39: =+K39 -> 0 | W39: =+M39 -> 0 | Y39: =+O39 -> 0 | AA39: =+Q39+S39+U39 -> 0
I40: =+G40+H40 -> 0 | U40: =+K40 -> 0 | W40: =+M40 -> 0 | Y40: =+O40 -> 0 | AA40: =+Q40+S40+U40 -> 0
B41: 3. Other Non-Personnel Program Expenses | I41: =+G41+H41 -> 0 | U41: =+K41 -> 0 | W41: =+M41 -> 0 | Y41: =+O41 -> 0 | AA41: =+Q41+S41+U41 -> 0
B42: Communication - CWS Cell Phone | F42: =G42/$G$79 -> 0.0043495551 | G42: 350 | I42: =+G42+H42 -> 350 | J42: =+$O42/4 -> 0 | K42: =+$O42/4 -> 0 | L42: =+$O42/4 -> 0 | M42: =+$O42/4 -> 0 | O42: =+'Program Expense Detail'!J44 -> 0 | Q42: =+G42 -> 350 | R42: 0 | S42: =+Q42*1*R42+Q42 -> 350 | U42: =+S42*1*T42+S42 -> 350 | W42: =+U42*1*V42+U42 -> 350 | Y42: =+W42*1*X42+W42 -> 350 | AA42: =+G42+S42+U42+W42+Y42 -> 1750 | AB42: =+'Program Expense Detail'!K44 -> Initial training for FTE in core competencies, Coordinated Entry, Diversion, Shelter Operations, Landlord Tenant Law, Motivational Interviewing, Trauma Informed Care
B43: Outreach | F43: =G43/$G$79 -> 0 | G43: =SUM(J43:M43) -> 0 | I43: =+G43+H43 -> 0 | J43: =+$O43/4 -> 0 | K43: =+$O43/4 -> 0 | L43: =+$O43/4 -> 0 | M43: =+$O43/4 -> 0 | O43: =+'Program Expense Detail'!J51 -> 0 | Q43: =+G43 -> 0 | R43: 0 | S43: =+Q43*1*R43+Q43 -> 0 | U43: =+S43*1*T43+S43 -> 0 | W43: =+U43*1*V43+U43 -> 0 | Y43: =+W43*1*X43+W43 -> 0 | AA43: =+G43+S43+U43+W43+Y43 -> 0 | AB43: =+'Program Expense Detail'!K51 -> Program allocation for annual accreditation costs for CARF certification
B44: Office Equipment | F44: =G44/$G$79 -> 0 | G44: =SUM(J44:M44) -> 0 | I44: =+G44+H44 -> 0 | J44: =+$O44/4 -> 0 | K44: =+$O44/4 -> 0 | L44: =+$O44/4 -> 0 | M44: =+$O44/4 -> 0 | O44: =+'Program Expense Detail'!J56 -> 0 | Q44: =+G44 -> 0 | R44: -1 | S44: =+Q44*1*R44+Q44 -> 0 | U44: =+S44*1*T44+S44 -> 0 | W44: =+U44*1*V44+U44 -> 0 | Y44: =+W44*1*X44+W44 -> 0 | AA44: =+G44+S44+U44+W44+Y44 -> 0 | AB44: =+'Program Expense Detail'!K56 -> Laptop, monitor, printer for Program Manager and Operations FTE
B45: Off Site Office Space | F45: =G45/$G$79 -> 0 | G45: =SUM(J45:M45) -> 0 | I45: =+G45+H45 -> 0 | J45: =+$O45/4 -> 0 | K45: =+$O45/4 -> 0 | L45: =+$O45/4 -> 0 | M45: =+$O45/4 -> 0 | O45: =+'Program Expense Detail'!J63 -> 0 | Q45: =+G45 -> 0 | R45: 0.02 | S45: =+Q45*1*R45+Q45 -> 0 | U45: =+S45*1*T45+S45 -> 0 | W45: =+U45*1*V45+U45 -> 0 | Y45: =+W45*1*X45+W45 -> 0 | AA45: =+G45+S45+U45+W45+Y45 -> 0 | AB45: =+'Program Expense Detail'!K63 -> Space cost allocation for office work space for FTE @ $100 per/mo.
B46: Outreach Materials | F46: =G46/$G$79 -> 0.0040388726 | G46: 325 | I46: =+G46+H46 -> 325 | J46: =+$O46/4 -> 0 | K46: =+$O46/4 -> 0 | L46: =+$O46/4 -> 0 | M46: =+$O46/4 -> 0 | O46: =+'Program Expense Detail'!J70 -> 0 | Q46: =+G46 -> 325 | R46: 0.02 | S46: =+Q46*1*R46+Q46 -> 331.5 | U46: =+S46*1*T46+S46 -> 331.5 | W46: =+U46*1*V46+U46 -> 331.5 | Y46: =+W46*1*X46+W46 -> 331.5 | AA46: =+G46+S46+U46+W46+Y46 -> 1651 | AB46: =+'Program Expense Detail'!K70 -> Misc. office and printer supplies @ $10 per/o x 12 mo. x 2.75FTE
B47: Vehicle | F47: =G47/$G$79 -> 0 | G47: =SUM(J47:M47) -> 0 | I47: =+G47+H47 -> 0 | J47: =+$O47/4 -> 0 | K47: =+$O47/4 -> 0 | L47: =+$O47/4 -> 0 | M47: =+$O47/4 -> 0 | O47: =+'Program Expense Detail'!J77 -> 0 | Q47: =+G47 -> 0 | R47: -1 | S47: =+Q47*1*R47+Q47 -> 0 | U47: =+S47*1*T47+S47 -> 0 | W47: =+U47*1*V47+U47 -> 0 | Y47: =+W47*1*X47+W47 -> 0 | AA47: =+G47+S47+U47+W47+Y47 -> 0 | AB47: =+'Program Expense Detail'!K77 -> Office desk, chair, file cabinet and misc. office items for office space for FTE
B48: Maintenance & Repairs | F48: =G48/$G$79 -> 0.037903266 | G48: 3050 | I48: =+G48+H48 -> 3050 | J48: =+$O48/4 -> 81.25 | K48: =+$O48/4 -> 81.25 | L48: =+$O48/4 -> 81.25 | M48: =+$O48/4 -> 81.25 | O48: =+'Program Expense Detail'!J84 -> 325 | Q48: =+G48 -> 3050 | R48: 0.02 | S48: =+Q48*1*R48+Q48 -> 3111 | U48: =+S48*1*T48+S48 -> 3111 | W48: =+U48*1*V48+U48 -> 3111 | Y48: =+W48*1*X48+W48 -> 3111 | AA48: =+G48+S48+U48+W48+Y48 -> 15494 | AB48: =+'Program Expense Detail'!K84 -> Monthly cell phone usage x $65 per month x FTE
B49: Cleaning & Supplies | F49: =G49/$G$79 -> 0.019572998 | G49: 1575 | I49: =+G49+H49 -> 1575 | J49: =+$O49/4 -> 0 | K49: =+$O49/4 -> 0 | L49: =+$O49/4 -> 0 | M49: =+$O49/4 -> 0 | O49: =+'Program Expense Detail'!J90 -> 0 | Q49: =+G49 -> 1575 | R49: 0.02 | S49: =+Q49*1*R49+Q49 -> 1606.5 | U49: =+S49*1*T49+S49 -> 1606.5 | W49: =+U49*1*V49+U49 -> 1606.5 | Y49: =+W49*1*X49+W49 -> 1606.5 | AA49: =+G49+S49+U49+W49+Y49 -> 8001 | AB49: =+'Program Expense Detail'!K90 -> Initial website development and monthly hosting costs for dedicated website
B50: Laundry Service - Weekly | F50: =G50/$G$79 -> 0 | G50: 0 | I50: =+G50+H50 -> 0 | J50: =+$O50/4 -> 961.25 | K50: =+$O50/4 -> 961.25 | L50: =+$O50/4 -> 961.25 | M50: =+$O50/4 -> 961.25 | O50: =+'Program Expense Detail'!J97 -> 3845 | Q50: =+G50 -> 0 | R50: 0.02 | S50: =+Q50*1*R50+Q50 -> 0 | U50: =+S50*1*T50+S50 -> 0 | W50: =+U50*1*V50+U50 -> 0 | Y50: =+W50*1*X50+W50 -> 0 | AA50: =+G50+S50+U50+W50+Y50 -> 0 | AB50: =+'Program Expense Detail'!K97 -> Printed brochures, flyers, posters for homeless outreach and promotion; advertising in local news outlets
B51: Guest Laundry Vouchers - 100 Guests | F51: =G51/$G$79 -> 0.0037281901 | G51: 300 | I51: =+G51+H51 -> 300 | J51: =+$O51/4 -> 87.5 | K51: =+$O51/4 -> 87.5 | L51: =+$O51/4 -> 87.5 | M51: =+$O51/4 -> 87.5 | O51: =+'Program Expense Detail'!J104 -> 350 | Q51: =+G51 -> 300 | R51: 0.02 | S51: =+Q51*1*R51+Q51 -> 306 | U51: =+S51*1*T51+S51 -> 306 | W51: =+U51*1*V51+U51 -> 306 | Y51: =+W51*1*X51+W51 -> 306 | AA51: =+G51+S51+U51+W51+Y51 -> 1524 | AB51: =+'Program Expense Detail'!K104 -> Site expenses and related items for Quarterly Landlord Meetings
B52: TV Trays - One Time Expense | F52: =G52/$G$79 -> 0 | G52: 0 | I52: =+G52+H52 -> 0 | J52: =+$O52/4 -> 262.5 | K52: =+$O52/4 -> 262.5 | L52: =+$O52/4 -> 262.5 | M52: =+$O52/4 -> 262.5 | O52: =+'Program Expense Detail'!J110 -> 1050 | Q52: =+G52 -> 0 | R52: 0.02 | S52: =+Q52*1*R52+Q52 -> 0 | U52: =+S52*1*T52+S52 -> 0 | W52: =+U52*1*V52+U52 -> 0 | Y52: =+W52*1*X52+W52 -> 0 | AA52: =+G52+S52+U52+W52+Y52 -> 0 | AB52: =+'Program Expense Detail'!K110 -> Overnight travel, hotel, per diem for Program development and oversight of program operations; local milage for Shelter Support services
B53: Motel Vouchers - 5 Holiday Evenings | F53: =G53/$G$79 -> 0.069903564 | G53: =75*5*15 -> 5625 | I53: =+G53+H53 -> 5625 | J53: =+$O53/4 -> 0 | K53: =+$O53/4 -> 0 | L53: =+$O53/4 -> 0 | M53: =+$O53/4 -> 0 | Q53: =+G53 -> 5625 | S53: =+Q53*1*R53+Q53 -> 5625 | U53: =+S53*1*T53+S53 -> 5625 | W53: =+U53*1*V53+U53 -> 5625 | Y53: =+W53*1*X53+W53 -> 5625 | AA53: =+G53+S53+U53+W53+Y53 -> 28125
B54: Sleeping Bags - One Time Expense | F54: =G54/$G$79 -> 0 | G54: =SUM(J54:M54) -> 0 | I54: =+G54+H54 -> 0 | J54: =+$O54/4 -> 0 | K54: =+$O54/4 -> 0 | L54: =+$O54/4 -> 0 | M54: =+$O54/4 -> 0 | Q54: =+G54 -> 0 | S54: =+Q54*1*R54+Q54 -> 0 | U54: =+S54*1*T54+S54 -> 0 | W54: =+U54*1*V54+U54 -> 0 | Y54: =+W54*1*X54+W54 -> 0 | AA54: =+G54+S54+U54+W54+Y54 -> 0
B55: PPE Masks/Gloves - One Time Expense | F55: =G55/$G$79 -> 0 | G55: =SUM(J55:M55) -> 0 | I55: =+G55+H55 -> 0 | J55: =+$O55/4 -> 0 | K55: =+$O55/4 -> 0 | L55: =+$O55/4 -> 0 | M55: =+$O55/4 -> 0 | Q55: =+G55 -> 0 | S55: =+Q55*1*R55+Q55 -> 0 | U55: =+S55*1*T55+S55 -> 0 | W55: =+U55*1*V55+U55 -> 0 | Y55: =+W55*1*X55+W55 -> 0 | AA55: =+G55+S55+U55+W55+Y55 -> 0
F56: =G56/$G$79 -> 0.13949645 | G56: =SUM(G42:G55) -> 11225 | I56: =+G56+H56 -> 11225 | J56: =SUM(J42:J55) -> 1392.5 | K56: =SUM(K42:K55) -> 1392.5 | L56: =SUM(L42:L55) -> 1392.5 | M56: =SUM(M42:M55) -> 1392.5 | Q56: =SUM(Q42:Q55) -> 11225 | S56: =SUM(S42:S55) -> 11330 | U56: =SUM(U42:U55) -> 11330 | W56: =SUM(W42:W55) -> 11330 | Y56: =SUM(Y42:Y55) -> 11330 | AA56: =+G56+S56+U56+W56+Y56 -> 56545
I57: =+G57+H57 -> 0 | S57: =+J57 -> 0 | U57: =+K57 -> 0 | AA57: =+Q57+S57+U57 -> 0
B58: 4. Vehicle Lease Cost:
B59: Actual Lease Cost: | E59: =+'Program Expense Detail'!E119 -> 0 | F59: =G59/$G$79 -> 0 | G59: =SUM(J59:M59) -> 0 | I59: =+G59+H59 -> 0 | J59: =+$O59/4 -> 0 | K59: =+$O59/4 -> 0 | L59: =+$O59/4 -> 0 | M59: =+$O59/4 -> 0 | O59: =+'Program Expense Detail'!I119 -> 0 | Q59: =+G59 -> 0 | R59: 0.01 | S59: =+Q59*1*R59+Q59 -> 0 | T59: 0.01 | U59: =+S59*1*T59+S59 -> 0 | V59: 0.01 | W59: =+U59*1*V59+U59 -> 0 | X59: 0.01 | Y59: =+W59*1*X59+W59 -> 0 | AA59: =+Q59+S59+U59 -> 0 | AB59: =+'Program Expense Detail'!K119 -> Vehicle lease ($486/mo. x 1 vehicles)
B60: Maintenance Cost: | E60: =E59 -> 0 | F60: =G60/$G$79 -> 0 | G60: =SUM(J60:M60) -> 0 | I60: =+G60+H60 -> 0 | J60: =+$O60/4 -> 0 | K60: =+$O60/4 -> 0 | L60: =+$O60/4 -> 0 | M60: =+$O60/4 -> 0 | O60: =+'Program Expense Detail'!I120 -> 0 | Q60: =+G60 -> 0 | R60: 0.01 | S60: =+Q60*1*R60+Q60 -> 0 | T60: 0.01 | U60: =+S60*1*T60+S60 -> 0 | V60: 0.01 | W60: =+U60*1*V60+U60 -> 0 | X60: 0.01 | Y60: =+W60*1*X60+W60 -> 0 | AA60: =+Q60+S60+U60 -> 0 | AB60: =+'Program Expense Detail'!K120 -> Oil change ($100 x 4 x 1 vehicles); Car Wash ($10 x 26 x 1 vehicles)
B61: Mileage/Fuel Cost: | E61: =E59 -> 0 | F61: =G62/$G$79 -> 0 | G61: =SUM(J61:M61) -> 0 | I61: =+G61+H61 -> 0 | J61: =+$O61/4 -> 0 | K61: =+$O61/4 -> 0 | L61: =+$O61/4 -> 0 | M61: =+$O61/4 -> 0 | O61: =+'Program Expense Detail'!I121 -> 0 | Q61: =+G61 -> 0 | R61: 0.01 | S61: =+Q61*1*R61+Q61 -> 0 | T61: 0.01 | U61: =+S61*1*T61+S61 -> 0 | V61: 0.01 | W61: =+U61*1*V61+U61 -> 0 | X61: 0.01 | Y61: =+W61*1*X61+W61 -> 0 | AA61: =+Q61+S61+U61 -> 0 | AB61: =+'Program Expense Detail'!K121 -> Standard mileage rate for business use of personal vehicles @ $.56/mi
G62: =SUM(G59:G61) -> 0 | H62: =SUM(H59:H61) -> 0 | I62: =+G62+H62 -> 0 | J62: =J59+J60 -> 0 | K62: =K59+K60 -> 0 | L62: =L59+L60 -> 0 | M62: =M59+M60 -> 0 | Q62: =+G62 -> 0 | R62: 0 | S62: =SUM(S59:S61) -> 0 | U62: =SUM(U59:U61) -> 0 | W62: =SUM(W59:W61) -> 0 | Y62: =SUM(Y59:Y61) -> 0 | AA62: =+Q62+S62+U62 -> 0
I63: =+G63+H63 -> 0 | S63: =+J63 -> 0 | U63: =+K63 -> 0 | W63: =+M63 -> 0 | Y63: =+O63 -> 0 | AA63: =+Q63+S63+U63 -> 0
B64: Subtotal Program Expenses | F64: =G64/$G$79 -> 0.93136402 | G64: =SUM(G36, G38,G62,G56) -> 74945 | H64: =SUM(H36, H38,H62,H56) -> 50068.8 | I64: =+G64+H64 -> 125013.8 | J64: =SUM(J36,J62,J38,J56) -> 25413.32 | K64: =SUM(K36,K62,K38,K56) -> 25413.32 | L64: =SUM(L36,L62,L38,L56) -> 25413.32 | M64: =SUM(M36,M62,M38,M56) -> 25413.32 | Q64: =SUM(Q36, Q38,Q62,Q56) -> 74945 | R64: =+AA64/AA79 -> 0.93229138 | S64: =SUM(S36,S62,S38,S56) -> 76205.6 | U64: =SUM(U36,U62,U38,U56) -> 77541.02 | W64: =SUM(W36,W62,W38,W56) -> 78910.394 | Y64: =SUM(Y36,Y62,Y38,Y56) -> 80314.68 | AA64: =+G64+S64+U64+W64+Y64 -> 387916.69
I65: =+G65+H65 -> 0 | AA65: =+Q65+S65+U65 -> 0
B66: II. Administrative Expenses | I66: =+G66+H66 -> 0 | AA66: =+Q66+S66+U66 -> 0 | AB66: =+'Program Expense Detail'!Z149 -> 0
B67: Finance, HR and Admin staff salary and wage | F67: =G67/$G$79 -> 0.056867326 | G67: =SUM(J67:M67) -> 4576 | I67: =+G67+H67 -> 4576 | J67: =+$O67/4 -> 1144 | K67: =+$O67/4 -> 1144 | L67: =+$O67/4 -> 1144 | M67: =+$O67/4 -> 1144 | O67: =+'Program Expense Detail'!J125 -> 4576 | Q67: =+G67 -> 4576 | R67: 0.01 | S67: =+Q67*1*R67+Q67 -> 4621.76 | T67: 0.01 | U67: =+S67*1*T67+S67 -> 4667.9776 | V67: 0.01 | W67: =+U67*1*V67+U67 -> 4714.6574 | X67: 0.01 | Y67: =+W67*1*X67+W67 -> 4761.8039 | AA67: =+Q67+S67+U67 -> 13865.738 | AB67: =+'Program Expense Detail'!K125 -> Proportionate share of Finance, HR, Administration and Support staffing required to support grant
B68: Audit Fee | F68: =G68/$G$79 -> 0 | G68: =SUM(J68:M68) -> 0 | I68: =+G68+H68 -> 0 | J68: =+$O68/4 -> 0 | K68: =+$O68/4 -> 0 | L68: =+$O68/4 -> 0 | M68: =+$O68/4 -> 0 | O68: =+'Program Expense Detail'!J133 -> 0 | Q68: =+G68 -> 0 | R68: 0.01 | S68: =+Q68*1*R68+Q68 -> 0 | T68: 0.01 | U68: =+S68*1*T68+S68 -> 0 | V68: 0.01 | W68: =+U68*1*V68+U68 -> 0 | X68: 0.01 | Y68: =+W68*1*X68+W68 -> 0 | AA68: =+Q68+S68+U68 -> 0 | AB68: =+'Program Expense Detail'!K133 -> Allocation of annual audit fee for internal and external fiscal audit
B69: Professional Fee | F69: =G69/$G$79 -> 0.0031068251 | G69: =SUM(J69:M69) -> 250 | I69: =+G69+H69 -> 250 | J69: =+$O69/4 -> 62.5 | K69: =+$O69/4 -> 62.5 | L69: =+$O69/4 -> 62.5 | M69: =+$O69/4 -> 62.5 | O69: =+'Program Expense Detail'!J137 -> 250 | Q69: =+G69 -> 250 | R69: 0.01 | S69: =+Q69*1*R69+Q69 -> 252.5 | T69: 0.01 | U69: =+S69*1*T69+S69 -> 255.025 | V69: 0.01 | W69: =+U69*1*V69+U69 -> 257.57525 | X69: 0.01 | Y69: =+W69*1*X69+W69 -> 260.151 | AA69: =+Q69+S69+U69 -> 757.525 | AB69: =+'Program Expense Detail'!K137 -> Fees for legal review of contract documents
B70: General Office Supplies and Furniture | F70: =G70/$G$79 -> 0 | G70: =SUM(J70:M70) -> 0 | I70: =+G70+H70 -> 0 | J70: =+$O70/4 -> 0 | K70: =+$O70/4 -> 0 | L70: =+$O70/4 -> 0 | M70: =+$O70/4 -> 0 | O70: =+'Program Expense Detail'!J141 -> 0 | Q70: =+G70 -> 0 | R70: 0.01 | S70: =+Q70*1*R70+Q70 -> 0 | T70: 0.01 | U70: =+S70*1*T70+S70 -> 0 | V70: 0.01 | W70: =+U70*1*V70+U70 -> 0 | X70: 0.01 | Y70: =+W70*1*X70+W70 -> 0 | AA70: =+Q70+S70+U70 -> 0 | AB70: =+'Program Expense Detail'!K141 -> Office desk, chair, file cabinet and misc. office items for main office space
B71: General Office Space and Utilities | F71: =G71/$G$79 -> 0 | G71: =SUM(J71:M71) -> 0 | I71: =+G71+H71 -> 0 | J71: =+$O71/4 -> 0 | K71: =+$O71/4 -> 0 | L71: =+$O71/4 -> 0 | M71: =+$O71/4 -> 0 | O71: =+'Program Expense Detail'!J145 -> 0 | Q71: =+G71 -> 0 | R71: 0.01 | S71: =+Q71*1*R71+Q71 -> 0 | T71: 0.01 | U71: =+S71*1*T71+S71 -> 0 | V71: 0.01 | W71: =+U71*1*V71+U71 -> 0 | X71: 0.01 | Y71: =+W71*1*X71+W71 -> 0 | AA71: =+Q71+S71+U71 -> 0 | AB71: =+'Program Expense Detail'!K145 -> Monthly office space allocation for main office space = $125 per/mo. x 12 mo.
B72: Training and Technical Assistance | F72: =G72/$G$79 -> 0 | G72: =SUM(J72:M72) -> 0 | I72: =+G72+H72 -> 0 | J72: =+$O72/4 -> 0 | K72: =+$O72/4 -> 0 | L72: =+$O72/4 -> 0 | M72: =+$O72/4 -> 0 | O72: =+'Program Expense Detail'!J149 -> 0 | Q72: =+G72 -> 0 | R72: 0.01 | S72: =+Q72*1*R72+Q72 -> 0 | T72: 0.01 | U72: =+S72*1*T72+S72 -> 0 | V72: 0.01 | W72: =+U72*1*V72+U72 -> 0 | X72: 0.01 | Y72: =+W72*1*X72+W72 -> 0 | AA72: =+Q72+S72+U72 -> 0 | AB72: =+'Program Expense Detail'!K149 -> Costs associates with training and technical assistance for grant related disciplines
B73: Others | F73: =G73/$G$79 -> 0 | G73: =SUM(J73:M73) -> 0 | I73: =+G73+H73 -> 0 | J73: =+$O73/4 -> 0 | K73: =+$O73/4 -> 0 | L73: =+$O73/4 -> 0 | M73: =+$O73/4 -> 0 | O73: =+'Program Expense Detail'!J153 -> 0 | Q73: =+G73 -> 0 | R73: 0.01 | S73: =+Q73*1*R73+Q73 -> 0 | T73: 0.01 | U73: =+S73*1*T73+S73 -> 0 | V73: 0.01 | W73: =+U73*1*V73+U73 -> 0 | X73: 0.01 | Y73: =+W73*1*X73+W73 -> 0 | AA73: =+Q73+S73+U73 -> 0 | AB73: =+'Program Expense Detail'!K153 -> Miscellaneous costs associated with grant operations
B74: General Liability Insurance | F74: =G74/$G$79 -> 0.0086618283 | G74: =SUM(J74:M74) -> 697 | I74: =+G74+H74 -> 697 | J74: =+$O74/4 -> 174.25 | K74: =+$O74/4 -> 174.25 | L74: =+$O74/4 -> 174.25 | M74: =+$O74/4 -> 174.25 | O74: =+'Program Expense Detail'!J157 -> 697 | Q74: =+G74 -> 697 | R74: 0.01 | S74: =+Q74*1*R74+Q74 -> 703.97 | T74: 0.01 | U74: =+S74*1*T74+S74 -> 711.0097 | V74: 0.01 | W74: =+U74*1*V74+U74 -> 718.1198 | X74: 0.01 | Y74: =+W74*1*X74+W74 -> 725.30099 | AA74: =+Q74+S74+U74 -> 2111.9797 | AB74: =+'Program Expense Detail'!K157 -> Allocation of annual insurance costs related to grant operations
F75: =G75/$G$79 -> 0 | G75: =SUM(J75:M75) -> 0 | I75: =+G75+H75 -> 0 | J75: =+$O75/4 -> 0 | K75: =+$O75/4 -> 0 | L75: =+$O75/4 -> 0 | M75: =+$O75/4 -> 0 | Q75: =+G75 -> 0 | S75: =+Q75*1*R75+Q75 -> 0 | U75: =+S75*1*T75+S75 -> 0 | W75: =+U75*1*V75+U75 -> 0 | Y75: =+W75*1*X75+W75 -> 0 | AA75: =+Q75+S75+U75 -> 0
F76: =G76/$G$79 -> 0 | G76: =SUM(J76:M76) -> 0 | I76: =+G76+H76 -> 0 | J76: 0 | K76: 0 | L76: 0 | M76: 0 | Q76: =+G76 -> 0 | S76: =+Q76*1*R76+Q76 -> 0 | U76: =+K76 -> 0 | W76: =+M76 -> 0 | Y76: =+O76 -> 0 | AA76: =+Q76+S76+U76 -> 0
B77: Subtotal Administrative Expenses | F77: =G77/$G$79 -> 0.06863598 | G77: =SUM(J77:M77) -> 5523 | I77: =+G77+H77 -> 5523 | J77: =SUM(J67:J76) -> 1380.75 | K77: =SUM(K67:K76) -> 1380.75 | L77: =SUM(L67:L76) -> 1380.75 | M77: =SUM(M67:M76) -> 1380.75 | Q77: =SUM(Q67:Q76) -> 5523 | R77: =+AA77/AA79 -> 0.067708624 | S77: =SUM(S67:S76) -> 5578.23 | T77: =+S77/S79 -> 0.068207004 | U77: =SUM(U67:U76) -> 5634.0123 | V77: =+U77/U79 -> 0.067736821 | W77: =SUM(W67:W76) -> 5690.3524 | X77: =+W77/W79 -> 0.067261255 | Y77: =SUM(Y67:Y76) -> 5747.2559 | AA77: =+G77+S77+U77+W77+Y77 -> 28172.851
I78: =+G78+H78 -> 0 | Q78: =+G78 -> 0 | S78: =+J78 -> 0 | U78: =+K78 -> 0 | W78: =+M78 -> 0 | Y78: =+O78 -> 0 | AA78: =+Q78+S78+U78 -> 0
B79: Grand Total | F79: =G79/$G$79 -> 1 | G79: =+G64+G77 -> 80468 | H79: =+H64+H77 -> 50068.8 | I79: =+G79+H79 -> 130536.8 | J79: =J77+J64 -> 26794.07 | K79: =K77+K64 -> 26794.07 | L79: =L77+L64 -> 26794.07 | M79: =M77+M64 -> 26794.07 | Q79: =+Q64+Q77 -> 80468 | S79: =S77+S64 -> 81783.83 | U79: =U77+U64 -> 83175.032 | W79: =W77+W64 -> 84600.747 | Y79: =Y77+Y64 -> 86061.936 | AA79: =+G79+S79+U79+W79+Y79 -> 416089.54
B80: % of Total Grant | G80: =$G$79/$G$79 -> 1 | J80: =$G$79/$G$79 -> 1 | K80: =$G$79/$G$79 -> 1 | L80: =$G$79/$G$79 -> 1 | M80: =$G$79/$G$79 -> 1 | Q80: =+G80 -> 1 | S80: =+J80 -> 1 | U80: =+K80 -> 1 | W80: =+M80 -> 1 | Y80: =+O80 -> 0 | AA80: =+K80 -> 1
G81: =+G82-G79 -> 136896
G82: 217364
